 Dungeon Crawl Stone Soup version 0.22.1-1-ga44c0e5 (webtiles) character file.

110 brandon the Cudgeler (level 4, -1/41 HPs)
             Began as a Minotaur Berserker on Oct 1, 2018.
             Was a Believer of Trog.
             Slain by Natasha (5 damage)
             ... on level 2 of the Dungeon.
             The game lasted 00:02:25 (1276 turns).

brandon the Cudgeler (Minotaur Berserker)           Turns: 1276, Time: 00:02:25

Health: -1/41      AC:  6    Str: 22    XL:     4   Next: 61%
Magic:  3/3        EV: 11    Int:  4    God:    Trog [**....]
Gold:   46         SH:  0    Dex: 10    Spells: 3/3 levels left

rFire    . . .     SeeInvis .   a - +0 mace
rCold    . . .     Gourm    .   (no shield)
rNeg     . . .     Faith    .   d - +0 scale mail
rPois    .         Spirit   .   (helmet restricted)
rElec    .         Reflect  .   (no cloak)
rCorr    .         Harm     .   (no gloves)
MR       .....                  (no boots)
Stlth    ..........             (no amulet)
HPRegen  0.13/turn              (no ring)
MPRegen  0.08/turn              (no ring)

@: berserk cooldown, starving, slowed, very slow
A: retaliatory headbutt, horns 2
a: Berserk, Trog's Hand, Renounce Religion


You were on level 2 of the Dungeon.
You worshipped Trog.
Trog was pleased with you.
You were starving.

You visited 1 branch of the dungeon, and saw 2 of its levels.

You collected 46 gold pieces.

Inventory:

Hand Weapons
 a - a +0 mace (weapon)
Missiles
 g - 2 javelins (quivered)
Armour
 d - a +0 scale mail (worn)
Jewellery
 f - an uncursed ring of poison resistance {unknown}
Scrolls
 b - a scroll of teleportation {unknown}
 h - a scroll of magic mapping {unknown}
 i - a scroll of random uselessness {unknown}
 k - 2 scrolls of identify {unknown}
 m - a scroll of noise {unknown}
Potions
 e - 2 potions of curing {unknown}
 j - a potion of heal wounds {unknown}
 l - a potion of might {unknown}
 n - a potion of flight {unknown}
 o - 2 potions of brilliance {unknown}
Comestibles
 c - 3 rations


   Skills:
 + Level 4.4 Fighting
 + Level 4.8 Maces & Flails
 + Level 3.6 Armour
 + Level 2.9 Dodging


You had 3 spell levels left.
You didn't know any spells.
Your spell library was empty.

Dungeon Overview and Level Annotations

Branches:
Dungeon (2/15)

Altars:
Dithmenos

Annotations:
D:2 Natasha


Innate Abilities, Weirdness & Mutations

You reflexively headbutt those who attack you in melee.
You have a pair of horns on your head.


Message History

You feel as though you will be slow longer.
Natasha mewls in sadness.
Natasha casts a spell.
You barely miss the iron imp.
You headbutt the iron imp, but do no damage.
The iron imp closely misses you.
Natasha wildly gestures.
Natasha shimmers violently.
The iron imp disappears in a puff of smoke!
Natasha extends her claws.
You see here a bat corpse.
You completely miss Natasha. Natasha misses you. Natasha closely misses you.
You hit Natasha.
Natasha is lightly wounded.
Natasha claws you.
* * * LOW HITPOINT WARNING * * *
You closely miss Natasha.
Natasha is lightly wounded.
Natasha claws you.
You die...

.....#
#..(.......#
.....#
#..#.#<##..#
#....#
...#.#.h...#
#....#
..........##
#.#..#
.........#
.....# #
...####.##
.#...# .. .).
#....###
.#...#
#.##.##h#....#
.....#
.....#@##.#.#
###..#
#..#....#.#
.....#
#.......# #
###(.#
#..†###.# #
##.# #...# .#
# .# .....# .#
# .. #.###..#
.# # # #..# #
...#


You could see Natasha.

Vanquished Creatures
  Natasha (D:2)
  4 gnolls (D:2)
  An adder (D:2)
  3 dart slugs (D:1)
  5 bats
  3 goblins (D:1)
  5 hobgoblins
  A jackal (D:2)
  3 kobolds
  2 ball pythons
  2 frilled lizards (D:1)
  5 rats
35 creatures vanquished.

Notes
Turn   | Place    | Note
-------+----------+-------------------------------------------
     0 | D:1      | brandon the Minotaur Berserker began the quest for the Orb.
     0 | D:1      | Reached XP level 1. HP: 19/19 MP: 0/0
   238 | D:1      | Reached XP level 2. HP: 26/27 MP: 1/1
   690 | D:2      | Reached XP level 3. HP: 29/33 MP: 2/2
   776 | D:2      | Reached XP level 4. HP: 16/41 MP: 3/3
   779 | D:2      | Reached ** piety under Trog
  1004 | D:2      | Found a faded altar of an unknown god.
  1131 | D:2      | Found a shadowy altar of Dithmenos.
  1247 | D:2      | Noticed Natasha
  1259 | D:2      | Killed Natasha
  1267 | D:2      | Noticed Natasha
  1276 | D:2      | Slain by Natasha

Skill      XL: |  1  2 |
---------------+-------+-----
Maces & Flails | 4 |  4.8
Fighting       | 4 |  4.4
Armour         | 3 |  3.6
Dodging        | |  2.9

Action                   |  1- 3 |  4- 6 || total
-------------------------+-------+-------++-------
Melee: Mace              |    50 |    23 ||    73
       Headbutt          |     9 |     3 ||    12
Invok: Berserk           |       |     1 ||     1
Armor: Scale mail        |    27 |    16 ||    43
Dodge: Dodged            |    45 |    28 ||    73
